 Dungeon Crawl Stone Soup version 0.24-a0-715-g0b739ee41d (webtiles) character file.

Game seed: 9948234193545689574, levelgen mode: deterministic

32 Arixos the Sneak (level 3, -1/22 HPs)
             Began as a Vampire Enchanter on Sept 29, 2019.
             Slain by an adder (3 damage)
             ... on level 2 of the Dungeon.
             The game lasted 00:17:25 (1459 turns).

Arixos the Sneak (Vampire Enchanter)                Turns: 1459, Time: 00:17:25

Health: -1/22      AC:  2    Str:  7    XL:     3   Next: 8%
Magic:  1/6        EV: 13    Int: 17    God:
Gold:   67         SH:  0    Dex: 15    Spells: 3/6 levels left

rFire    . . .     SeeInvis +   a - +1 dagger
rCold    . . .     Gourm    .   (no shield)
rNeg     . . .     Faith    .   b - +0 robe
rPois    .         Spirit   .   (no helmet)
rElec    .         Reflect  .   (no cloak)
rCorr    +         Harm     .   (no gloves)
MR       .....                  (no boots)
Stlth    +++.......             (no amulet)
HPRegen  0.27/turn              e - ring of resist corrosion
MPRegen  0.10/turn              (no ring)

@: lethally poisoned (-1 -> -1), regenerating quickly
A: no food, fangs 3, see invisible, [frail 1], unbreathing
a: Exsanguinate


You were on level 2 of the Dungeon.
You were alive.

You visited 1 branch of the dungeon, and saw 2 of its levels.

You collected 67 gold pieces.

Inventory:

Hand Weapons
 a - a +1 dagger (weapon)
Armour
 b - a +0 robe (worn)
 c - a +0 ring mail
Jewellery
 e - a ring of resist corrosion (left hand)
Scrolls
 d - a scroll of enchant armour {unknown}
 f - a scroll of enchant weapon {unknown}
 h - a scroll of remove curse {unknown}
 j - a scroll of identify {unknown}
Potions
 g - a potion of curing {unknown}
 i - a potion of brilliance {unknown}


   Skills:
 + Level 0.7 Fighting
 + Level 1.5 Short Blades
 + Level 2.5 Dodging
 + Level 4.9 Stealth
 + Level 2.2 Spellcasting
 + Level 4.7 Hexes


You had 3 spell levels left.
You knew the following spells:

 Your Spells              Type           Power        Failure   Level  Hunger
a - Ensorcelled Hibernat  Hex/Ice        #.....       11%         2    N/A
b - Corona                Hex            ###....      2%          1    N/A

Your spell library contained the following spells:

 Spells                   Type           Power        Failure   Level  Hunger
 Confuse                  Hex            ###.....     9%          3    N/A
 Tukima's Dance           Hex            ###.....     9%          3    N/A
 Dazzling Spray           Conj/Hex       #.....       22%         3    N/A

Dungeon Overview and Level Annotations

Branches:
Dungeon (2/15)

Altars:


Innate Abilities, Weirdness & Mutations

You do not eat.
Your natural rate of healing is unusually fast.
You have razor-sharp teeth.
You have supernaturally acute eyesight. (SInv)
You can survive without breathing.
[You are frail. (-10% HP)]


Message History

The bat hits you but does no damage. The adder misses you. The adder bites you.
You closely miss the adder.
The adder is heavily wounded.
The bat hits you. The adder closely misses you.
You miss the adder.
The adder is heavily wounded.
You feel sick. The bat closely misses you. The adder bites you.
You closely miss the adder.
The adder is heavily wounded.
The adder closely misses you. The bat misses you.
You barely miss the adder.
The adder is heavily wounded.
The bat hits you but does no damage. The adder bites you.
* * * LOW HITPOINT WARNING * * *
You hit the adder but do no damage.
The adder is heavily wounded.
You feel sick. The bat hits you.
* * * LOW HITPOINT WARNING * * *
The adder bites you.
You die...

.######......
............
#.......#.#
#..........
#.......#
#.......#
..####.#<#...#
#........)b..#.##.
#......#..@S......
#################.


You could see an adder and a bat.

Vanquished Creatures
  An adder (D:1)
  2 dart slugs
  2 leopard geckos (D:1)
  5 goblins (D:1)
  2 hobgoblins (D:1)
  2 bats (D:1)
  2 kobolds (D:2)
  2 rats (D:1)
18 creatures vanquished.

Notes
Turn   | Place    | Note
-------+----------+-------------------------------------------
     0 | D:1      | Arixos the Vampire Enchanter began the quest for the Orb.
     0 | D:1      | Reached XP level 1. HP: 13/13 MP: 3/3
   255 | D:1      | Reached XP level 2. HP: 14/19 MP: 3/5
  1285 | D:1      | Reached XP level 3. HP: 16/25 MP: 4/6
  1442 | D:1      | Learned a level 2 spell: Ensorcelled Hibernation
  1459 | D:2      | Slain by an adder

Levels and vault maps discovered:
D:1:      dpeg_arrival_houses_and_road, layout_basic, serial_rivers,
          chequers_serial_rivers_marsh, chequers_serial_rivers_small_3,
          chequers_serial_rivers_micro_a, chequers_serial_rivers_micro_d,
          chequers_serial_rivers_micro_c
D:2:      layout_loops_ring, minivault_5, minmay_octomino_c4

Action                   || total
-------------------------++-------
Melee: Dagger            ||   113
       Bite              ||     4
 Cast: Corona            ||    20
       Ensorcelled Hiber ||     3
 Abil: Exsanguinate      ||     1
       Revivify          ||     1
 Stab: Sleeping          ||     2
Armor: Ring mail         ||     7
       Robe              ||    16
Dodge: Dodged            ||   107

Table legend:
 A = Non-vault XP
 B = Vault XP
 C = Vault XP percentage of total XP
 D = Non-vault monster count
 E = Vault monster count
 F = Vault count percentage of total count
                 A         B        C        D         E       F
            +---------+---------+-------+---------+---------+-------
      Total |      46 |       0 |   0.0 |      18 |       0 |   0.0
            +---------+---------+-------+---------+---------+-------
        D:1 |      40 |       0 |   0.0 |      15 |       0 |   0.0
        D:2 |       6 |       0 |   0.0 |       3 |       0 |   0.0
            +---------+---------+-------+---------+---------+-------
